 Dungeon Crawl Stone Soup version 0.29.1-1-gd02db6906a (webtiles) character file.

Game seed: 18135421208432667090

163 Godmorgon the Magician (level 5, -4/39 HPs)
             Began as a Djinni Ice Elementalist on Oct 2, 2022.
             Slain by an ogre
             ... wielding a +0 giant club
              (17 damage)
             ... on level 4 of the Dungeon.
             The game lasted 00:11:20 (3756 turns).

Godmorgon the Magician (Djinni Ice Elementalist)    Turns: 3756, Time: 00:11:21

Health: -4/39      AC:  2    Str:  7    XL:     5   Next: 72%
Gold:   208        EV: 12    Int: 18    God:
                   SH:  0    Dex: 14

rFire   + + .      SeeInvis .   a - +1 short sword (venom)
rCold   x . .      Faith    .   (no shield)
rNeg    . . .      Spirit   .   c - +0 robe
rPois   ∞          Reflect  .   (no helmet)
rElec   .          Harm     .   (no cloak)
rCorr   .          Rampage  .   (no gloves)
Will    .....                   (boots unavailable)
Stlth   ++........              (no amulet)
HPRegen 0.13/turn               (no ring)
MPRegen 0.00/turn               (no ring)

@: flying
A: sickness immunity, fire resistance 2, cold vulnerability 1, float, innate
caster, HP casting, extra vitality 1
a: no special abilities


You were on level 4 of the Dungeon.
You visited 1 branch of the dungeon, and saw 4 of its levels.

You collected 208 gold pieces.

Inventory:

Hand Weapons
 a - a +1 short sword of venom (weapon)
 b - a +2 short sword of freezing
 n - a +2 dagger of venom
Missiles
 d - 9 poisoned darts
 i - 5 boomerangs
Armour
 c - a +0 robe (worn)
Wands
 q - a wand of roots (9)
Scrolls
 j - a scroll of enchant weapon {unknown}
 m - 2 scrolls of identify {unknown}
 o - a scroll of summoning {unknown}
 r - a scroll of poison {unknown}
 s - a scroll of magic mapping {unknown}
Potions
 e - a potion of flight {unknown}
 f - a potion of curing {unknown}
 g - 2 potions of mutation {unknown}
 h - a potion of resistance {unknown}
 k - a potion of degeneration {unknown}
 l - a potion of ambrosia {unknown}
 p - 2 potions of heal wounds {unknown}


   Skills:
 + Level 2.5 Fighting
 - Level 2.1 Dodging
 - Level 1.5 Stealth
 * Level 4.6 Spellcasting


You couldn't memorise any spells.
You knew the following spells:

 Your Spells              Type           Power      Damage    Failure   Level
a - Ozocubu's Armour      Ice            20%        N/A       6%          3
f - Freeze                Ice            80%        1d9       1%          1
h - Hailstorm             Conj/Ice       20%        3d6       21%         4
n - Necrotise             Necr           80%        1d8       1%          1
r - Frozen Ramparts       Ice            40%        1d7       6%          3
s - Static Discharge      Conj/Air       20%        3-6/arc   3%          2
Your spell library was empty.

Dungeon Overview and Level Annotations

Branches:
Dungeon (4/15)
 Temple: D:4-7

Altars:


Innate Abilities, Weirdness & Mutations

You are immune to sickness and miasma.
You are immune to poison.
Your flesh is very heat resistant. (rF++)
You are vulnerable to cold. (rC-)
You float through the air rather than walking.
You learn spells naturally, not from books.
Your magical power is your life essence.
You have superior vitality. (+4 MHP)


Message History

Something tries to affect you, but you resist.
Casting: Static Discharge (safe; 3% risk of failure)
Confirm with . or Enter, or press ? or * to list all spells.
The kobold is struck by an arc of lightning!
You kill the kobold!
You are struck by an arc of lightning.
Casting: Static Discharge (safe; 3% risk of failure)
Confirm with . or Enter, or press ? or * to list all spells.
The orc is struck by an arc of lightning.
The orc is heavily wounded.
You are struck by an arc of lightning.
Something is struck by an arc of lightning.
You are struck by an arc of lightning.
The lightning grounds out.
Something hits you but does no damage. The orc hits you with a +0 dagger.
Casting: Static Discharge (safe; 3% risk of failure)
Confirm with . or Enter, or press ? or * to list all spells.
The orc is struck by an arc of lightning.
You kill the orc!
You are struck by an arc of lightning.
Something is struck by an arc of lightning!
Reactivating autopickup.
You feel a bit more experienced.
The lightning grounds out.
The endoplasm attacks as you move away!
The endoplasm hits you but does no damage.
You see here a +0 dagger.
Casting: Static Discharge (safe; 3% risk of failure)
Confirm with . or Enter, or press ? or * to list all spells.
The endoplasm is struck by an arc of lightning!
You kill the endoplasm!
The ogre is struck by an arc of lightning!
The ogre is moderately wounded.
Casting: Static Discharge (safe; 3% risk of failure)
Confirm with . or Enter, or press ? or * to list all spells.
The ogre is struck by an arc of lightning!
The ogre is severely wounded.
You are struck by an arc of lightning.
The ogre is struck by an arc of lightning!
The ogre is almost dead.
The lightning grounds out.
The ogre hits you with a +0 giant club!
You die...

#.......).......<.+
#....###..........#
#........#.......##
####.######.....##
###.....# ##...##
#...#.#.## ##+##
#.#......####
#.#...##....# #
#.#.#@###.#.##
#...##O)...<.#
#.#.#)###.....
....## ..## ## #.#
# #.


You could see an ogre.

Vanquished Creatures
  An orc priest (D:3)
  2 orc wizards
  2 adders (D:3)
  A worm (D:2)
  5 orcs
  7 endoplasms
  2 giant cockroaches (D:3)
  4 goblins
  4 hobgoblins
  8 jackals (D:1)
  10 kobolds
  2 ball pythons (D:2)
  6 bats
  4 rats
58 creatures vanquished.

Notes
Turn   | Place    | Note
-------+----------+-------------------------------------------
     0 | D:1      | Godmorgon the Djinni Ice Elementalist began the quest for
                  | the Orb.
     0 | D:1      | Godmorgon set off with the following spells memorised:
                  | Freeze, Frozen Ramparts, Ozocubu's Armour, Hailstorm.
     0 | D:1      | Reached XP level 1. HP: 15/15 MP: 0/0
   315 | D:1      | Reached XP level 2. HP: 21/22 MP: 0/0
   864 | D:1      | Reached skill level 1 in Fighting
  1114 | D:1      | Reached XP level 3. HP: 13/27 MP: 0/0
  1114 | D:1      | Learned a level 1 spell: Necrotise
  2632 | D:3      | Reached skill level 4 in Spellcasting
  2632 | D:3      | Reached XP level 4. HP: 21/33 MP: 0/0
  2786 | D:3      | Reached XP level 5. HP: 21/38 MP: 0/0
  2786 | D:3      | Learned a level 2 spell: Static Discharge
  2934 | D:3      | Found a faded altar of an unknown god.
  3745 | D:4      | Noticed an ogre
  3756 | D:4      | Slain by an ogre

Illustrated notes

Levels and vault maps discovered:
D:1:      psy_arrival_basics, layout_basic
D:2:      layout_loops_cross
D:3:      layout_basic, nicolae_ecumenical_pavilion, serial_bayou_crossing
D:4:      layout_loops_corners, marbit_many_paths, led_sif_book,
          minmay_manual_maat

Skill      XL: |  1  2  3  4 |
---------------+-------------+-----
Fighting       | 1 2 |  2.5
Spellcasting   | 4 |  4.6
Dodging        | |  2.1
Stealth        | |  1.5

Action                   |  1- 3 |  4- 6 || total
-------------------------+-------+-------++-------
Melee: Short sword       |    26 |       ||    26
 Cast: Freeze            |    41 |     9 ||    50
       Necrotise         |    14 |     1 ||    15
       Static Discharge  |       |    12 ||    12
Armor: Robe              |     9 |     3 ||    12
Dodge: Dodged            |    37 |     5 ||    42
